 Dungeon Crawl Stone Soup version 0.24.0-1-gfbc8707122 (webtiles) character file.

Game seed: 17886634812461227255, levelgen mode: deterministic

93 Mrkan the Chopper (level 4, -3/41 HPs)
             Began as a Hill Orc Monk on Oct 27, 2019.
             Was a Believer of Yredelemnul.
             Slain by a centaur (5 damage)
             ... on level 4 of the Dungeon.
             The game lasted 00:05:28 (2846 turns).

Mrkan the Chopper (Hill Orc Monk)                   Turns: 2846, Time: 00:05:28

Health: -3/41      AC:  5    Str: 14    XL:     4   Next: 62%
Magic:  4/4        EV: 11    Int: 15    God:    Yredelemnul [**....]
Gold:   185        SH:  0    Dex: 13    Spells: 3/3 levels left

rFire    . . .     SeeInvis .   a - +0 hand axe
rCold    . . .     Gourm    .   (no shield)
rNeg     . . .     Faith    .   i - +0 ring mail
rPois    .         Spirit   .   (no helmet)
rElec    .         Reflect  .   (no cloak)
rCorr    .         Harm     .   (no gloves)
MR       .....                  (no boots)
Stlth    +.........             (no amulet)
HPRegen  0.13/turn              (no ring)
MPRegen  0.09/turn              (no ring)

@: brilliant
A: no striking features
a: Animate Remains, Recall Undead Slaves, Injury Mirror, Renounce Religion


You were on level 4 of the Dungeon.
You worshipped Yredelemnul.
Yredelemnul was pleased with you.
You were not hungry.

You visited 1 branch of the dungeon, and saw 4 of its levels.

You collected 185 gold pieces.

Inventory:

Hand Weapons
 a - a +0 hand axe (weapon)
Missiles
 f - 112 stones (quivered)
Armour
 i - a +0 ring mail (worn)
Jewellery
 d - an uncursed ring of protection from cold {unknown}
Wands
 t - a wand of enslavement (9)
Scrolls
 b - 3 scrolls of remove curse {unknown}
 h - 2 scrolls of teleportation {unknown}
 m - a scroll of noise {unknown}
 n - a scroll of random uselessness {unknown}
 o - 3 scrolls of fog {unknown}
 p - 2 scrolls of amnesia {unknown}
 q - 3 scrolls of identify {unknown}
 s - 2 scrolls of enchant armour {unknown}
Potions
 e - a potion of brilliance
 g - a potion of curing {unknown}
 j - a potion of haste {unknown}
 k - a potion of invisibility {unknown}
 l - 2 potions of lignification {unknown}
Comestibles
 c - 4 rations


   Skills:
 + Level 4.3 Fighting
 * Level 5.6 Axes
 + Level 2.9 Dodging
 - Level 1.5 Stealth
 + Level 1.0 Invocations


You had 3 spell levels left.
You didn't know any spells.
Your spell library was empty.

Dungeon Overview and Level Annotations

Branches:
Dungeon (4/15)
 Temple: D:4-7

Altars:
Ashenzari
Cheibriados
Fedhas
Okawaru
Yredelemnul
Zin


Message History

The giant cockroach barely misses you.
You hit the giant cockroach but do no damage.
The giant cockroach is heavily wounded.
The giant cockroach bites you but does no damage. x2
You slash the giant cockroach!
You kill the giant cockroach!
Yredelemnul accepts your kill.
You hit the centaur.
The centaur is moderately wounded.
The centaur unwields a +0 shortbow.
The centaur hits you!
* * * LOW HITPOINT WARNING * * *
The centaur closely misses you.
You slash the centaur!
The centaur is severely wounded.
The centaur hits you but does no damage.
You closely miss the centaur.
The centaur is severely wounded.
The centaur closely misses you. The centaur hits you.
You die...
Your body rises from the dead as a mindless zombie.

######....##
#...........
#........#
#........#
#...(((<.#
#........#
.....#(##...#
####
#c####....
#@# .### #.#
.# ..# [#
#### .#


You could see a centaur.

Vanquished Creatures
  2 adders (D:3)
  2 worms (D:3)
  3 leopard geckos
  A ball python (D:1)
  8 giant cockroaches
  11 goblins
  5 hobgoblins
  A quokka (D:3)
  11 bats
  3 frilled lizards
  9 kobolds
  6 rats
62 creatures vanquished.

Notes
Turn   | Place    | Note
-------+----------+-------------------------------------------
     0 | D:1      | Mrkan the Hill Orc Monk began the quest for the Orb.
     0 | D:1      | Reached XP level 1. HP: 19/19 MP: 1/1
   263 | D:1      | Reached XP level 2. HP: 27/27 MP: 2/2
   665 | D:1      | Reached XP level 3. HP: 12/33 MP: 3/3
   956 | D:1      | You fall into a shaft and drop 1 floor!
  1014 | D:2      | Reached skill level 5 in Axes
  1407 | D:2      | Found a shattered altar of Ashenzari.
  1636 | D:3      | Found a basalt altar of Yredelemnul.
  1643 | D:3      | Found a blossoming altar of Fedhas.
  1647 | D:3      | Found an iron altar of Okawaru.
  1677 | D:3      | Became a worshipper of Yredelemnul the Dark
  1677 | D:3      | Reached * piety under Yredelemnul
  1677 | D:3      | Reached ** piety under Yredelemnul
  1729 | D:3      | Found a glowing silver altar of Zin.
  1765 | D:3      | Reached XP level 4. HP: 35/40 MP: 4/4
  1812 | D:3      | Found a snail-covered altar of Cheibriados.
  2568 | D:3      | Reached skill level 1 in Invocations
  2828 | D:4      | Noticed a centaur
  2844 | D:4      | HP: 2/41 [centaur (8)]
  2846 | D:4      | Slain by a centaur

Levels and vault maps discovered:
D:1:      matt_arrival_los_fun, layout_rooms, minmay_pentomino_p4
D:2:      layout_rooms, first_ration, ashenzari_altar_1
D:3:      layout_loops_corners, lemuel_coloured_pillars_altar,
          nicolae_overflow_crystal_walls, grunt_temple_overflow_diamond
D:4:      layout_basic, kennysheep_mini

Skill      XL: |  1  2  3  4 |
---------------+-------------+-----
Fighting       | 4 |  4.3
Axes           | 5 |  5.6
Invocations    | 1 |  1.0
Dodging        | |  2.9
Stealth        | |  1.5

Action                   |  1- 3 |  4- 6 || total
-------------------------+-------+-------++-------
Melee: Hand axe          |   153 |    87 ||   240
  Use: Potion            |       |     1 ||     1
  Eat: Chunk             |     2 |     3 ||     5
       Ration            |       |     1 ||     1
Armor: Robe              |     9 |       ||     9
       Ring mail         |    60 |    38 ||    98
Dodge: Dodged            |   108 |    63 ||   171
